details: '940'

« prev index next »

General information

Mini Map

Players

team 1
Random» HumanIM_C (blue | 43 APM | 716 actions | 16:44)
Hero icon 2 Mountain King
Ability icon 1 Storm Bolt
Ability icon 1 Thunder Clap
Hero icon 1 Paladin
Ability icon 1 Holy Light

» actions
Assign group hotkey33
Basic commands36
Build / train49
ESC pressed2
Enter build submenu21
Enter hero's abilities submenu3
Remove unit from queue1
Right click166
Select / deselect203
Select group hotkey140
Use ability62
716 total
» units
Peasant7
Footman7
Rifleman5
Goblin Shredder2
Priest4
Mortar Team2
27 total
» upgrades
Masonry1
Gunpowder2
Defend1
Long Rifles1
Armor1
6 total
» buildings
Altar of Kings1
Farm8
Lumber Mill1
Barracks1
Scout Tower4
Arcane Tower1
Keep1
Blacksmith1
Guard Tower2
Arcane Vault1
Castle1
Arcane Sanctum1
Workshop1
24 total
» build order
00:13 Altar of Kings
00:17 Farm
00:23 Lumber Mill
00:45 Farm
01:20 Barracks
01:37 Farm
02:00 Scout Tower
02:20 Farm
03:27 Arcane Tower
04:10 Scout Tower
04:21 Keep
04:26 Scout Tower
04:31 Blacksmith
04:45 Farm
04:47 Arcane Tower
04:54 Guard Tower
05:41 Arcane Vault
06:08 Farm
09:04 Castle
10:06 Arcane Sanctum
11:32 Farm
11:49 Workshop
12:36 Scout Tower
14:22 Guard Tower
14:31 Farm
» items
Lesser Clarity Potion2
Potion of Healing2
Scroll of Regeneration1
5 total
team 2
Orc940 (teal | 157 APM | 2632 actions | 16:46)
Hero icon 5 Blademaster
Ability icon 2 Wind Walk
Ability icon 3 Critical Strike
Hero icon 4 Shadow Hunter
Ability icon 2 Hex
Ability icon 2 Healing Wave

» actions
Assign group hotkey23
Basic commands27
Build / train56
Enter build submenu9
Enter hero's abilities submenu9
Give item / drop item2
Right click1456
Select / deselect576
Select group hotkey413
Use ability61
2632 total
» units
Peon8
Grunt10
Raider2
20 total
» upgrades
Berserker Strength1
Ensnare1
Armor3
War Drums Damage Increase1
Melee Weapons1
7 total
» buildings
Altar of Storms1
Orc Burrow4
Barracks1
Voodoo Lounge1
Stronghold1
Beastiary1
War Mill1
Fortress1
11 total
» build order
00:03 Altar of Storms
00:05 Orc Burrow
00:22 Barracks
01:44 Orc Burrow
02:00 Voodoo Lounge
03:30 Stronghold
04:08 Orc Burrow
05:25 Orc Burrow
06:02 Beastiary
08:55 War Mill
09:31 Fortress
» items
Healing Salve4
Lesser Clarity Potion3
Boots of Speed1
Circlet of Nobility1
Potion of Mana3
Orb of Lightning1
Potion of Healing1
Scroll of Town Portal1
15 total